Map: Frost LE

Players

HENRYHOBO

  • Race: Zerg Zerg
  • League: Gold

Nickos - Winner!

  • Race: Terran Terran
  • League: Gold

VOD

Have the link to the VOD?

Description

Time

  • Played on: Sept. 29, 2016, 3:16 a.m.
  • Length: 10:45
Show
View Real Time Build Order
Export as new Build Order

HENRYHOBO Zerg 

Build Orders: Hatch First 

Get SALT Encoding   

  12  0:02  Drone  
  13  0:11  Drone  
  14  0:43  Hatchery  
  14  0:45  Drone  
  14  0:47  Overlord  
  14  1:06  Drone  
  15  1:20  Drone x2, Spawning Pool  
  15  1:21  Drone  
  17  1:39  Drone  
  18  1:42  Extractor  
  17  1:47  Drone  
  18  1:55  Drone  
  18  1:58  Drone  
  20  2:07  Drone  
  20  2:10  Queen  
  20  2:11  Queen  
  20  2:13  Drone  
  25  2:16  Overlord  
  25  2:20  Drone  
  26  2:32  Drone  
  26  2:33  Spine Crawler  
  26  2:35  Drone  
  27  2:41  Drone  
  27  2:44  Drone  
  29  2:47  Extractor  
  29  2:50  Overlord  
  28  2:52  Drone  
  28  2:55  Queen  
  31  3:00  Metabolic Boost  
  31  3:08  Overlord  
  31  3:11  Zergling x4  
  33  3:30  Drone x2  
  35  3:43  Overlord, Spine Crawler  
  35  3:46  Drone x4  
  38  3:49  Queen  
  40  4:06  Lair  
  40  4:10  Drone x2  
  40  4:15  Spore Crawler  
  40  4:17  Spore Crawler, Drone x5  
  43  4:23  Baneling Nest  
  44  4:28  Evolution Chamber  
  44  4:29  Evolution Chamber  
  42  4:44  Zergling x8  
  46  5:03  Drone x3  
  49  5:07  Extractor  
  49  5:08  Extractor  
  49  5:09  Zerg Ground Armor Level 1  
  49  5:10  Centrifical Hooks  
  49  5:12  Overlord  
  49  5:13  Zergling x12  
  53  5:20  Baneling x4  
  53  5:21  Baneling x2  
  53  5:25  Drone  
  54  5:32  Drone x3  
  54  5:34  Drone  
  58  5:42  Spire  
  57  5:45  Drone  
  57  5:49  Overlord x2  
  58  6:08  Hatchery  
  57  6:18  Drone  
  57  6:19  Drone x2  
  57  6:20  Drone x2  
  57  6:24  Zerg Melee Weapons Level 1  
  62  6:30  Overlord x2  
  62  6:31  Zergling x8  
  66  6:46  Overseer x2  
  66  6:55  Zerg Flyer Weapons Level 1  
  66  6:56  Corruptor x3  
  66  6:59  Corruptor  
  74  7:03  Drone x4  
  78  7:21  Zergling x6  
  69  7:24  Zergling x2  
  69  7:27  Queen  
  72  7:32  Drone  
  72  7:33  Drone  
  74  7:48  Zerg Ground Armor Level 2  
  74  7:53  Infestation Pit  
  74  7:58  Zergling x10  
  76  7:59  Zergling x8  
  76  8:01  Baneling x5  
  76  8:02  Baneling x4  
  82  8:06  Drone x3  
  82  8:08  Queen  
  82  8:12  Extractor  
  86  8:15  Drone x6, Extractor  
  91  8:36  Drone  
  91  8:37  Drone  
  91  8:38  Drone  
  91  8:40  Drone x2  
  96  8:42  Drone  
  97  8:49  Overlord  
  97  8:50  Overlord x2  
  97  8:51  Hive  
  68  9:38  Zergling x2  
  68  9:39  Zergling x14  
  68  9:40  Zergling x2  
  68  9:41  Zergling x12  
  68  9:42  Zergling x4  
  68  9:43  Zergling x4  
  68  9:44  Zergling x6  
  86  10:01  Baneling x2  
  86  10:02  Baneling x7  
  86  10:04  Zergling x8  
  86  10:05  Zergling x8  
  89  10:22  Hatchery  
  88  10:33  Drone x2  
Show
View Real Time Build Order
Export as new Build Order

Nickos Terran - Winner!

Build Orders: MMM Bio 

Get SALT Encoding   

  12  0:00  SCV  
  13  0:13  SCV  
  14  0:18  Supply Depot  
  14  0:25  SCV  
  15  0:39  SCV  
  15  0:42  Barracks  
  16  0:51  SCV  
  17  1:03  SCV  
  18  1:16  SCV  
  19  1:21  Command Center  
  19  1:28  SCV  
  20  1:32  Marine  
  20  1:37  Barracks  
  21  1:40  SCV  
  22  1:51  Supply Depot, Marine  
  23  2:01  Orbital Command  
  23  2:13  Marine  
  24  2:17  Barracks  
  24  2:29  SCV  
  25  2:30  Marine  
  25  2:34  Bunker  
  26  2:39  Supply Depot  
  26  2:42  Orbital Command  
  26  2:45  SCV  
  26  2:49  Marine  
  26  2:50  Marine  
  29  2:58  SCV  
  30  3:00  Refinery  
  30  3:02  Refinery  
  30  3:03  Marine  
  31  3:08  SCV  
  31  3:10  SCV  
  33  3:18  Marine x2  
  35  3:21  SCV  
  35  3:22  SCV  
  36  3:33  SCV  
  37  3:34  SCV  
  37  3:36  Barracks Tech Lab  
  38  3:45  Marine, SCV  
  38  3:46  SCV  
  41  3:57  SCV  
  41  3:58  Barracks Reactor, SCV  
  43  4:03  Barracks Reactor  
  43  4:10  SCV x2  
  43  4:12  Marine  
  46  4:21  Factory  
  46  4:24  Engineering Bay x2  
  46  4:32  SCV x2  
  46  4:33  Barracks  
  46  4:36  Barracks x2  
  48  4:39  Marine x2  
  48  4:40  Marine x2  
  48  4:41  Marauder  
  48  4:45  Stimpack  
  54  4:47  SCV  
  54  4:58  Supply Depot  
  54  5:00  Supply Depot  
  54  5:03  Refinery  
  54  5:05  Terran Infantry Weapons Level 1  
  54  5:17  SCV x2, Marine  
  54  5:18  Marauder  
  59  5:23  Terran Infantry Armor Level 1  
  59  5:25  Marine x5  
  59  5:26  Marine  
  65  5:29  SCV x2  
  65  5:35  Marine  
  68  5:36  Supply Depot  
  68  5:37  Factory Reactor, Supply Depot  
  68  5:38  Marine  
  68  5:41  SCV x2  
  71  5:45  Marine  
  71  5:46  Starport, Marine x4  
  76  5:59  Marine  
  76  6:00  Marine  
  76  6:03  Marine x2  
  76  6:04  Marine  
  80  6:05  Barracks Tech Lab  
  80  6:07  Barracks Tech Lab  
  80  6:08  Barracks Reactor  
  80  6:15  Armory  
  80  6:16  Supply Depot  
  80  6:17  Supply Depot  
  80  6:19  Marine x2  
  80  6:25  SCV x2  
  84  6:29  Marauder x2  
  88  6:37  Marauder, SCV  
  88  6:38  Marine, Supply Depot, SCV  
  88  6:39  Marine  
  94  6:42  Medivac, Supply Depot  
  96  6:49  SCV  
  96  6:50  SCV  
  98  6:58  Marine x2  
  100  7:02  Supply Depot  
  100  7:05  Command Center  
  100  7:06  Supply Depot  
  100  7:10  Liberator  
  64  7:23  Marine x2  
  64  7:24  Marine x4  
  64  7:25  Marauder x2  
  64  7:26  Marauder  
  77  7:36  SCV x2  
  79  7:38  Terran Infantry Weapons Level 2  
  79  7:41  Marine  
  80  7:46  Terran Infantry Armor Level 2, Marauder  
  80  7:47  Marauder  
  80  7:48  SCV  
  85  7:57  Combat Shields  
  85  7:59  Marine x4  
  85  8:00  Marine x3  
  92  8:07  Marine  
  93  8:18  Marauder x2  
  97  8:26  Marauder  
  99  8:27  SCV  
  99  8:28  Orbital Command, SCV  
  99  8:29  Marine x2  
  99  8:30  Marine x3  
  99  8:33  Medivac  
  108  8:39  Marauder  
  108  8:40  SCV x2  
  112  8:52  SCV  
  113  9:03  Marauder x3  
  113  9:09  Marine  
  119  9:10  Command Center, Marine x4  
  119  9:11  Marine  
  125  9:24  Marauder, Marine x2  
  125  9:27  Marine x2  
  125  9:31  Liberator x2  
  128  9:34  Marine  
  128  9:35  Marine x3  
  123  9:42  Marauder, Marine  
  123  9:45  Marine x2  
  133  10:00  Marauder  
  133  10:03  Marauder  
  133  10:04  Marauder  
  128  10:11  Marine x2  
  128  10:12  Marine x4  
  123  10:21  Marine  
  123  10:24  Marine  
Tags
 
Composition
MMM Bio
League
GoldGold
Matchup
TvZ
Replay Pack
Nickos replay
Add a new tag
Caveats
  • Supply blocks, unpowered buildings, or Contaminate may cause inaccurate times.
  • Supply counts are checked every 10 seconds.